TOP OF THE 1ST |
Portland Sea Dogs batting - Pitching for Chattanooga Lookouts : RHP Chad Casey
|
Pitching: RHP Chad Casey
|
|
Batting: RHB Matt Hinkle
|
0-0: Called Strike 0-1: Fly out, F8 (Flyball, 8RXD, EV 91.9 MPH)
|
Batting: RHB Andy Garvin
|
0-0: Called Strike 0-1: Ball 1-1: Ball 2-1: Foul Ball, location: 2F 2-2: Ball 3-2: Foul Ball, location: 2F 3-2: Strikes out looking
|
Batting: SHB Ben Ervin
|
0-0: Ball 1-0: Ball 2-0: Ball 3-0: Called Strike 3-1: Called Strike 3-2: Strikes out swinging
|
Top of the 1st over - 0 runs, 0 hits, 0 errors, 0 left on base; Portland 0 - Chattanooga 0 |
BOTTOM OF THE 1ST |
Chattanooga Lookouts batting - Pitching for Portland Sea Dogs : RHP Andy Garvin
|
Pitching: RHP Andy Garvin
|
|
Batting: RHB Cyril Husson
|
0-0: SINGLE (Line Drive, 9S, EV 92.5 MPH)
|
Batting: LHB Chris Munguia
|
0-0: Foul Ball, location: 2F 0-1: Ball 1-1: Called Strike Cyril Husson steals 2nd base 1-2: Ball 2-2: Ball 3-2: Base on Balls
|
Batting: RHB Miguel Gonzalez
|
0-0: Ball 1-0: Called Strike 1-1: Ball 2-1: Called Strike 2-2: SINGLE (Groundball, P, EV 83.8 MPH) (infield hit) Cyril Husson to third Chris Munguia to second
|
Batting: SHB Dan Morataya
|
0-0: Ball 1-0: DOUBLE (Flyball, 89D, EV 98.8 MPH) Cyril Husson scores Chris Munguia scores Miguel Gonzalez to third Runner from 3rd tries for Home, SAFE, throw by RF to trailing runner, OUT at third! 9-3-5
|
Batting: SHB Ian Thompson
|
0-0: Ball 1-0: Foul Ball, location: 2F 1-1: Ball 2-1: Ball 3-1: Base on Balls
|
Batting: RHB Michael McDonald
|
0-0: SINGLE (Groundball, 4MD, EV 94.4 MPH) Ian Thompson to second Ian Thompson to third
|
Batting: RHB Andrew Nicol
|
0-0: Ball 1-0: Ball 2-0: Called Strike 2-1: Called Strike Michael McDonald steals 2nd base 2-2: Strikes out swinging
|
Batting: RHB Dave Berry
|
0-0: Called Strike 0-1: Foul Ball, location: 2F 0-2: Foul Ball, location: 2F 0-2: Fly out, F8 (Line Drive, 8LD, EV 106.2 MPH)
|
Bottom of the 1st over - 3 runs, 4 hits, 0 errors, 2 left on base; Portland 0 - Chattanooga 3 |
TOP OF THE 2ND |
Portland Sea Dogs batting - Pitching for Chattanooga Lookouts : RHP Chad Casey
|
Batting: LHB Frank Olivo
|
0-0: Ball 1-0: Ground out 4-3 (Groundball, 4, EV 98.1 MPH)
|
Batting: LHB Julian Toney
|
0-0: SINGLE (Line Drive, 8RS, EV 96.2 MPH)
|
Batting: RHB Zi-jing Wang
|
0-0: Called Strike 0-1: Foul Ball, location: 2F 0-2: Strikes out swinging
|
Batting: RHB Frank Sokolosky
|
0-0: Called Strike Julian Toney steals 2nd base 0-1: Fly out, F8 (Flyball, 8RD, EV 101.2 MPH)
|
Top of the 2nd over - 0 runs, 1 hit, 0 errors, 1 left on base; Portland 0 - Chattanooga 3 |
BOTTOM OF THE 2ND |
Chattanooga Lookouts batting - Pitching for Portland Sea Dogs : RHP Andy Garvin
|
Batting: RHB Jorge Corte
|
0-0: Called Strike 0-1: Ball 1-1: Fly out, F8 (Flyball, 8RXD, EV 101.2 MPH)
|
Batting: RHB Cyril Husson
|
0-0: Ball 1-0: Ground out 5-3 (Groundball, 15, EV 86.9 MPH)
|
Batting: LHB Chris Munguia
|
0-0: Ball 1-0: Called Strike 1-1: Fly out, F9 (Flyball, 89M, EV 91.9 MPH)
|
Bottom of the 2nd over - 0 runs, 0 hits, 0 errors, 0 left on base; Portland 0 - Chattanooga 3 |
TOP OF THE 3RD |
Portland Sea Dogs batting - Pitching for Chattanooga Lookouts : RHP Chad Casey
|
Batting: RHB Josh Helman
|
0-0: Ball 1-0: Ground out 3-1 (Groundball, 34S, EV 93.8 MPH)
|
Batting: LHB Parker Lowe
|
0-0: Called Strike 0-1: Foul Ball, location: 2F 0-2: Ball 1-2: Foul Ball, location: 2F 1-2: Strikes out swinging
|
Batting: RHB Matt Hinkle
|
0-0: Called Strike 0-1: Called Strike 0-2: Ball 1-2: Strikes out swinging
|
Top of the 3rd over - 0 runs, 0 hits, 0 errors, 0 left on base; Portland 0 - Chattanooga 3 |
BOTTOM OF THE 3RD |
Chattanooga Lookouts batting - Pitching for Portland Sea Dogs : RHP Andy Garvin
|
Batting: RHB Miguel Gonzalez
|
0-0: SINGLE (Groundball, 5D, EV 95.6 MPH)
|
Batting: SHB Dan Morataya
|
0-0: Called Strike Miguel Gonzalez steals 2nd base 0-1: Ball 1-1: Called Strike 1-2: Ball 2-2: Strikes out swinging
|
Batting: SHB Ian Thompson
|
0-0: Called Strike 0-1: Ball 1-1: Foul Ball, location: 2F 1-2: Strikes out looking
|
Batting: RHB Michael McDonald
|
0-0: Ball Wild Pitch! Miguel Gonzalez to third 1-0: Called Strike 1-1: Swinging Strike 1-2: Fly out, F7 (Flyball, 7S, EV 90.6 MPH)
|
Bottom of the 3rd over - 0 runs, 1 hit, 0 errors, 1 left on base; Portland 0 - Chattanooga 3 |
TOP OF THE 4TH |
Portland Sea Dogs batting - Pitching for Chattanooga Lookouts : RHP Chad Casey
|
Batting: RHB Andy Garvin
|
0-0: Fly out, F7 (Line Drive, 7, EV 93.1 MPH)
|
Batting: SHB Ben Ervin
|
0-0: Called Strike 0-1: SINGLE (Line Drive, 4D, EV 87.5 MPH)
|
Batting: LHB Frank Olivo
|
0-0: Called Strike Ben Ervin steals 2nd base 0-1: Ball 1-1: Ball 2-1: Foul Ball, location: 2F 2-2: Ground out 6-3 (Groundball, 6, EV 88.1 MPH) Ben Ervin to third
|
Batting: LHB Julian Toney
|
0-0: Foul Ball, location: 2F 0-1: Foul Ball, location: 2F 0-2: Strikes out swinging
|
Top of the 4th over - 0 runs, 1 hit, 0 errors, 1 left on base; Portland 0 - Chattanooga 3 |
BOTTOM OF THE 4TH |
Chattanooga Lookouts batting - Pitching for Portland Sea Dogs : RHP Andy Garvin
|
Batting: RHB Andrew Nicol
|
0-0: Ball 1-0: Ball 2-0: Called Strike 2-1: Ground out 5-3 (Groundball, 56, EV 105.6 MPH)
|
Batting: RHB Dave Berry
|
0-0: Ball 1-0: Called Strike 1-1: Ball 2-1: Called Strike 2-2: Ball 3-2: Foul Ball, location: 2F 3-2: Foul Ball, location: 2F 3-2: Foul Ball, location: 2F 3-2: Base on Balls
|
Batting: RHB Jorge Corte
|
0-0: Ball 1-0: Ball 2-0: Ball 3-0: Called Strike 3-1: Swinging Strike 3-2: Base on Balls Dave Berry to second
|
Batting: RHB Cyril Husson
|
0-0: Called Strike 0-1: Foul Ball, location: 2F 0-2: Ball 1-2: Grounds into double play, 5-4-3 (Groundball, 56, EV 100.6 MPH)
|
Bottom of the 4th over - 0 runs, 0 hits, 0 errors, 1 left on base; Portland 0 - Chattanooga 3 |
TOP OF THE 5TH |
Portland Sea Dogs batting - Pitching for Chattanooga Lookouts : RHP Chad Casey
|
Batting: RHB Zi-jing Wang
|
0-0: Ball 1-0: Ball 2-0: Ball 3-0: Base on Balls
|
Batting: RHB Frank Sokolosky
|
0-0: Called Strike 0-1: Ball Wild Pitch! Zi-jing Wang to second 1-1: Foul Ball, location: 2F 1-2: Ball 2-2: DOUBLE (Groundball, 5L, EV 105.0 MPH) Zi-jing Wang scores
|
Batting: RHB Josh Helman
|
0-0: Foul Ball, location: 2F 0-1: SINGLE (Groundball, 56D, EV 106.9 MPH) Frank Sokolosky to third
|
Batting: LHB Parker Lowe
|
0-0: Ball 1-0: Foul Ball, location: 2F 1-1: SINGLE (Popup, 4MD, EV 67.5 MPH) Frank Sokolosky scores Josh Helman to second
|
Batting: RHB Matt Hinkle
|
0-0: Called Strike 0-1: Ball 1-1: Ball 2-1: Ball 3-1: Base on Balls Josh Helman to third Parker Lowe to second
|
Batting: RHB Andy Garvin
|
0-0: Ball 1-0: Foul Ball, location: 2F 1-1: Ball 2-1: SINGLE (Line Drive, 56D, EV 93.8 MPH) Josh Helman scores Parker Lowe to third Matt Hinkle to second
|
Batting: SHB Ben Ervin
|
0-0: Ball 1-0: Ball 2-0: Ball 3-0: Base on Balls Parker Lowe scores Matt Hinkle to third Andy Garvin to second
|
Batting: LHB Frank Olivo
|
0-0: Ball 1-0: Called Strike 1-1: Ball 2-1: Grounds into double play, 5-4-3 (Groundball, 56, EV 102.5 MPH) Matt Hinkle scores Andy Garvin to third
|
Batting: LHB Julian Toney
|
0-0: Called Strike 0-1: Ball 1-1: Ball 2-1: Swinging Strike 2-2: Ball 3-2: Foul Ball, location: 2F 3-2: Foul Ball, location: 2F 3-2: Strikes out swinging
|
Top of the 5th over - 5 runs, 4 hits, 0 errors, 1 left on base; Portland 5 - Chattanooga 3 |
BOTTOM OF THE 5TH |
Chattanooga Lookouts batting - Pitching for Portland Sea Dogs : RHP Andy Garvin
|
Batting: LHB Chris Munguia
|
0-0: Foul Ball, location: 2F 0-1: Foul Ball, location: 2F 0-2: Ball 1-2: Ball 2-2: Foul Ball, location: 2F 2-2: Ball 3-2: Foul Ball, location: 2F 3-2: Base on Balls
|
Batting: RHB Miguel Gonzalez
|
0-0: Ball 1-0: Ball 2-0: Ball 3-0: Called Strike 3-1: DOUBLE (Groundball, 5L, EV 108.8 MPH) Chris Munguia to third
|
Batting: SHB Dan Morataya
|
0-0: Ball 1-0: Ground out 6-3 (Groundball, 6, EV 86.9 MPH) Chris Munguia scores Miguel Gonzalez to third
|
Batting: SHB Ian Thompson
|
0-0: Called Strike 0-1: Swinging Strike 0-2: Foul Ball, location: 2F 0-2: Strikes out swinging
|
Pitching: RHP Jose Escobar
|
|
Batting: RHB Michael McDonald
|
0-0: Called Strike 0-1: Ball 1-1: DOUBLE (Groundball, 5L, EV 94.4 MPH) Miguel Gonzalez scores
|
Batting: RHB Andrew Nicol
|
0-0: Called Strike 0-1: Ball 1-1: Swinging Strike Balk! Michael McDonald to third 1-2: Strikes out swinging
|
Bottom of the 5th over - 2 runs, 2 hits, 0 errors, 1 left on base; Portland 5 - Chattanooga 5 |
TOP OF THE 6TH |
Portland Sea Dogs batting - Pitching for Chattanooga Lookouts : RHP Chad Casey
|
Pitching: RHP Steven Legge
|
|
Pinch Hitting: LHB Sergio Tinoco
|
0-0: Swinging Strike 0-1: Foul Ball, location: 2F 0-2: Ground out 4-3 (Groundball, 4, EV 104.4 MPH)
|
Pinch Hitting: LHB Eddie Contreras
|
0-0: Ball 1-0: Fly out, F8 (Flyball, 8RM, EV 87.5 MPH)
|
Batting: RHB Josh Helman
|
0-0: Swinging Strike 0-1: Ball 1-1: Ground out 6-3 (Groundball, 56, EV 107.5 MPH)
|
Top of the 6th over - 0 runs, 0 hits, 0 errors, 0 left on base; Portland 5 - Chattanooga 5 |
BOTTOM OF THE 6TH |
Chattanooga Lookouts batting - Pitching for Portland Sea Dogs : RHP Jose Escobar
|
Now at SS: Nick Cottrell
|
|
Now in CF: Sal Rivera
|
|
Batting: RHB Dave Berry
|
0-0: Called Strike 0-1: Ball 1-1: Foul Ball, location: 2F 1-2: Strikes out swinging
|
Batting: RHB Jorge Corte
|
0-0: Ball 1-0: Ground out 2-3 (Groundball, 2L, EV 67.5 MPH)
|
Batting: RHB Cyril Husson
|
0-0: Called Strike 0-1: Ball 1-1: Foul Ball, location: 2F 1-2: Ball 2-2: Strikes out looking
|
Bottom of the 6th over - 0 runs, 0 hits, 0 errors, 0 left on base; Portland 5 - Chattanooga 5 |
TOP OF THE 7TH |
Portland Sea Dogs batting - Pitching for Chattanooga Lookouts : RHP Steven Legge
|
Batting: LHB Parker Lowe
|
0-0: Ball 1-0: Fly out, F7 (Line Drive, 7S, EV 90.6 MPH)
|
Batting: RHB Matt Hinkle
|
0-0: Called Strike 0-1: Ball 1-1: Ground out 5-3 (Groundball, 5S, EV 68.1 MPH)
|
Batting: RHB Andy Garvin
|
0-0: Foul Ball, location: 2F 0-1: Swinging Strike 0-2: Ball 1-2: Fly out, F7 (Flyball, 7LM, EV 103.8 MPH)
|
Top of the 7th over - 0 runs, 0 hits, 0 errors, 0 left on base; Portland 5 - Chattanooga 5 |
BOTTOM OF THE 7TH |
Chattanooga Lookouts batting - Pitching for Portland Sea Dogs : RHP Jose Escobar
|
Batting: LHB Chris Munguia
|
0-0: Swinging Strike 0-1: Called Strike 0-2: Ball 1-2: Foul Ball, location: 2F 1-2: Ball 2-2: Foul Ball, location: 2F 2-2: Strikes out swinging
|
Pitching: RHP John LaMotte
|
|
Batting: RHB Miguel Gonzalez
|
0-0: Called Strike 0-1: Ball 1-1: Ball 2-1: Fly out, F9 (Flyball, 9LD, EV 105.6 MPH)
|
Batting: SHB Dan Morataya
|
0-0: Foul Ball, location: 2F 0-1: Ball 1-1: Ground out 3-1 (Groundball, 34, EV 85.6 MPH)
|
Bottom of the 7th over - 0 runs, 0 hits, 0 errors, 0 left on base; Portland 5 - Chattanooga 5 |
TOP OF THE 8TH |
Portland Sea Dogs batting - Pitching for Chattanooga Lookouts : RHP Steven Legge
|
Batting: SHB Ben Ervin
|
0-0: SINGLE (Line Drive, 6D, EV 103.1 MPH)
|
Batting: LHB Frank Olivo
|
0-0: Ball 1-0: Ball 2-0: Called Strike 2-1: Ball 3-1: Base on Balls Ben Ervin to second
|
Batting: LHB Julian Toney
|
0-0: Ball 1-0: Ball 2-0: Called Strike 2-1: Swinging Strike 2-2: Strikes out swinging
|
Batting: RHB Sal Rivera
|
0-0: Foul Ball, location: 2F 0-1: Ball 1-1: Swinging Strike 1-2: Strikes out swinging
|
Pinch Hitting: LHB Noel Young
|
0-0: Ball 1-0: Fly out, F8 (Flyball, 78XD, EV 80.0 MPH)
|
Top of the 8th over - 0 runs, 1 hit, 0 errors, 2 left on base; Portland 5 - Chattanooga 5 |
BOTTOM OF THE 8TH |
Chattanooga Lookouts batting - Pitching for Portland Sea Dogs : RHP John LaMotte
|
Now at SS: Larry Brocato
|
|
Batting: SHB Ian Thompson
|
0-0: Ball 1-0: Ball 2-0: Ball 3-0: Called Strike 3-1: Base on Balls
|
Batting: RHB Michael McDonald
|
0-0: Called Strike 0-1: Ball 1-1: Ball 2-1: Called Strike 2-2: Ball 3-2: Foul Ball, location: 2F 3-2: Strikes out swinging
|
Pinch Hitting: LHB Ricardo Batista
|
0-0: Called Strike 0-1: Bunt missed! 0-2: Foul Ball, location: 2F 0-2: Ball 1-2: Fly out, F7 (Flyball, 78S, EV 92.5 MPH)
|
Batting: RHB Steve Raine
|
0-0: Foul Ball, location: 2F 0-1: Called Strike 0-2: Ball 1-2: Foul Ball, location: 2F 1-2: Strikes out swinging
|
Bottom of the 8th over - 0 runs, 0 hits, 0 errors, 1 left on base; Portland 5 - Chattanooga 5 |
TOP OF THE 9TH |
Portland Sea Dogs batting - Pitching for Chattanooga Lookouts : RHP Steven Legge
|
Pitching: LHP Antoine Champagne
|
|
Now at 1B: Ricardo Batista
|
|
Batting: RHB Josh Helman
|
0-0: Called Strike 0-1: Ball 1-1: Ground out 5-3 (Groundball, 56, EV 85.0 MPH)
|
Pinch Hitting: RHB Carlos Nolasco
|
0-0: Ground out 6-3 (Groundball, 6M, EV 90.6 MPH)
|
Batting: RHB Matt Hinkle
|
0-0: Called Strike 0-1: Ball 1-1: Foul Ball, location: 2F 1-2: Strikes out looking
|
Top of the 9th over - 0 runs, 0 hits, 0 errors, 0 left on base; Portland 5 - Chattanooga 5 |
BOTTOM OF THE 9TH |
Chattanooga Lookouts batting - Pitching for Portland Sea Dogs : RHP John LaMotte
|
Pitching: RHP Juan Mejia
|
|
Now at 1B: Ben Ervin
|
|
Now at 3B: Carlos Nolasco
|
|
Batting: RHB Jorge Corte
|
0-0: Called Strike 0-1: SINGLE (Groundball, 6MS, EV 80.6 MPH) (infield hit)
|
Batting: RHB Cyril Husson
|
0-0: Ball 1-0: Ball 2-0: Bunt missed! 2-1: Bunt missed! 2-2: DOUBLE (Line Drive, 8RXD, EV 101.2 MPH) Jorge Corte to third Runner from 3rd tries for Home, SAFE, throw by CF to home
|
Bottom of the 9th over - 1 run, 2 hits, 0 errors, 1 left on base; Portland 5 - Chattanooga 6 |
|